 Dungeon Crawl Stone Soup version 0.31-a0-1496-g79c7dd0eeb (webtiles) character file.

Game seed: 12484618594120090009

53 graki42 the Magician (level 3, 0/19 HPs)
             Began as a Deep Elf Alchemist on Dec 29, 2023.
             Slain by Terence
             ... wielding a +0 flail of holy wrath
              (10 damage)
             ... on level 2 of the Dungeon.
             The game lasted 00:03:25 (1190 turns).

graki42 the Magician (Deep Elf Alchemist)           Turns: 1190, Time: 00:03:25

Health: 0/19       AC:  2    Str:  7    XL:     3   Next: 62%
Magic:  0/10       EV: 12    Int: 19    God:
Gold:   88         SH:  0    Dex: 15    Spells: 3/9 levels left

rFire   . . .        c - +0 short sword
rCold   . . .        (no shield)
rNeg    . . .        a - +0 robe
rPois   .            (no helmet)
rElec   .            (no cloak)
rCorr   .            (no gloves)
SInv    .            (no boots)
Will    .....        (no amulet)
Stlth   ++           (no ring)
HPRegen 0.23/turn    (no ring)
MPRegen 0.12/turn

%: no passive effects
@: no status effects
A: no striking features
a: no special abilities


You were on level 2 of the Dungeon.
You visited 1 branch of the dungeon, and saw 2 of its levels.

You collected 88 gold pieces.

Inventory:

Hand Weapons
 c - a +0 short sword (weapon)
Armour
 a - a +0 robe (worn)
Jewellery
 j - an amulet of regeneration
Scrolls
 e - 3 scrolls of identify {unknown}
 f - 2 scrolls of fog {unknown}
 g - a scroll of amnesia {unknown}
 i - a scroll of teleportation {unknown}
Potions
 b - a potion of magic
 d - a potion of enlightenment {unknown}
 h - a potion of curing {unknown}


   Skills:
 - Level 2.4 Dodging
 - Level 2.4 Stealth
 + Level 3.9 Spellcasting
 + Level 2.2 Conjurations
 + Level 1.1 Air Magic
 + Level 3.8 Alchemy


You had 3 spell levels left.
You knew the following spells:

 Your Spells              Type           Power      Damage    Failure   Level
a - Sting                 Conj/Alch      60%        1d6       4%          1
b - Mercury Vapours       Alch/Air       26%        N/A       8%          2
c - Mephitic Cloud        Conj/Alch/Air  12%        N/A       16%         3

Your spell library contained the following spells:

 Spells                   Type           Power      Damage    Failure   Level
 Olgreb's Toxic Radiance  Alch           18%        N/A       28%         4
 Sticky Flame             Fire/Alch      11%        2d5       52%         4


Dungeon Overview and Level Annotations

Branches:
Dungeon (2/15)

Altars:

Annotations:
D:2 Terence


Message History

Press: ? - help, Shift-Dir - straight line, f/p - Terence
Aim: Terence, wielding a +0 flail of holy wrath and wearing a +2 scale mail of poison resistance (moderately wounded, poisoned, 77% to hit)
The sting hits Terence but does no damage.
Terence looks even sicker.
Terence is moderately wounded.
Terence hits you with a +0 flail of holy wrath.
Unknown command.
Casting: Sting (safe; 4% risk of failure)
Confirm with . or Enter, or press ? or * to list all spells.
Aiming: Sting (safe; 4% risk of failure)
Press: ? - help, Shift-Dir - straight line, f/p - Terence
Aim: Terence, wielding a +0 flail of holy wrath and wearing a +2 scale mail of poison resistance (moderately wounded, very poisoned, 77% to hit)
The sting hits Terence but does no damage.
Terence looks even sicker.
Terence is moderately wounded.
Terence misses you.
Unknown command.
Casting: Sting (safe; 4% risk of failure)
Confirm with . or Enter, or press ? or * to list all spells.
Aiming: Sting (safe; 4% risk of failure)
Press: ? - help, Shift-Dir - straight line, f/p - Terence
Aim: Terence, wielding a +0 flail of holy wrath and wearing a +2 scale mail of poison resistance (moderately wounded, very poisoned, 77% to hit)
The sting hits Terence.
Terence partially resists.
Terence looks as sick as possible!
Terence is moderately wounded.
Terence hits you with a +0 flail of holy wrath.
Casting: Sting (safe; 4% risk of failure)
Confirm with . or Enter, or press ? or * to list all spells.
Aiming: Sting (safe; 4% risk of failure)
Press: ? - help, Shift-Dir - straight line, f/p - Terence
Aim: Terence, wielding a +0 flail of holy wrath and wearing a +2 scale mail of poison resistance (heavily wounded, extremely poisoned, 77% to hit)
The sting hits Terence but does no damage.
Terence looks as sick as possible!
Terence is heavily wounded.
Terence hits you with a +0 flail of holy wrath.
Terence attacks as he pursues you!
Terence hits you with a +0 flail of holy wrath!
Ouch! That really hurt!
You die...
Terence says, "That felt goooood."

...# #..... #..# .....# #..#
#.#..# #..# #.#..# #..#
#.#..# # #..# #.#..# .#
...#######....# ..#
...........##.########...###
##.#######.##...@@)........#
...# #.########?##......
#### #.# #.# ###.# #.# #.#
#.# #.# #.# #.# #.# #.. #.#
### #.#


You could see Terence (extremely poisoned).

Vanquished Creatures
  2 adders (D:2)
  A dart slug (D:1)
  A ball python (D:1)
  3 endoplasms (D:1)
  4 giant cockroaches
  3 goblins
  3 hobgoblins (D:1)
  6 quokkas (D:1)
  A bat (D:1)
  2 kobolds (D:1)
  2 rats (D:2)
28 creatures vanquished.

Notes
Turn   | Place    | Note
-------+----------+-------------------------------------------
     0 | D:1      | graki42 the Deep Elf Alchemist began the quest for the Orb.
     0 | D:1      | Reached XP level 1. HP: 10/10 MP: 6/6
   104 | D:1      | You fall into a shaft and drop 1 floor!
   160 | D:1      | Reached XP level 2. HP: 11/15 MP: 2/8
   163 | D:1      | Learned a level 2 spell: Mercury Vapours
   853 | D:1      | Reached XP level 3. HP: 3/19 MP: 5/10
   858 | D:1      | Learned a level 3 spell: Mephitic Cloud
  1089 | D:2      | Reached skill level 1 in Air Magic
  1179 | D:2      | Noticed Terence
  1190 | D:2      | Slain by Terence

Illustrated notes

Levels and vault maps discovered:
D:1:      sevenhm_arrival_forest_fort_large_4, layout_basic
D:2:      layout_loops_ring, uniq_terence

Skill      XL: |  1  2  3 |
---------------+----------+-----
Conjurations   | 2 |  2.2
Air Magic      | 1 |  1.1
Dodging        | |  2.4
Stealth        | |  2.4
Spellcasting   | |  3.9
Alchemy        | |  3.8

Action                     || total
---------------------------++-------
  Melee: Short sword       ||     5
   Cast: Sting             ||    62
 Armour: Robe              ||    18
  Dodge: Dodged            ||     7

Table legend: (Time is in decaauts)
 A = Elapsed time spent in this place.
 B = Non-inter-level travel time spent in this place.
 C = Inter-level travel time spent in this place.
 D = Time resting spent in this place.
 E = Time spent auto-exploring this place.
 F = Levels seen in this place.
 G = Mean time per level.
                   A        B        C        D        E       F      G
               +--------+--------+--------+--------+--------+-----+--------+
         Total |   1188 |   1158 |     30 |     36 |    959 |   2 |  594.0 |
       Dungeon |   1188 |   1158 |     30 |     36 |    959 |   2 |  594.0 |
               +--------+--------+--------+--------+--------+-----+--------+

Top non-repeatable levels by time:
     D:1: 1065 daAuts
     D:2: 123 daAuts
